 Dungeon Crawl Stone Soup version 0.26-a0-854-gdc81c2f471 (webtiles) character file.

Game seed: 8087600796095640791

379 Baz the Chucker (level 6, -1/65 HPs)
             Began as an Ogre Hunter on Nov 24, 2020.
             Was an Initiate of Gozag.
             Slain by an orc
             ... wielding a +0 club
              (3 damage)
             ... on level 3 of the Dungeon.
             The game lasted 00:09:26 (6076 turns).

Baz the Chucker (Ogre Hunter)                       Turns: 6076, Time: 00:09:26

Health: -1/65      AC:  5    Str: 17    XL:     6   Next: 74%
Magic:  6/6        EV: 11    Int: 12    God:    Gozag
Gold:   312        SH:  0    Dex: 11    Spells: 5/5 levels left

rFire    . . .     SeeInvis .   j - +0 dagger (venom)
rCold    . . .     Faith    .   (no shield)
rNeg     . . .     Spirit   .   b - +0 robe
rPois    .         Reflect  .   (helmet restricted)
rElec    .         Harm     .   l - +1 cloak
rCorr    .         Rampage  .   (gloves unavailable)
MR       .....                  (boots unavailable)
Stlth    +.........             (no amulet)
HPRegen  0.20/turn              (no ring)
MPRegen  0.10/turn              (no ring)

@: gold aura, slowed, very slow
A: large, unfitting armour, tough skin 1
a: Potion Petition, Call Merchant, Bribe Branch, Renounce Religion


You were on level 3 of the Dungeon.
You worshipped Gozag.
Gozag was aware of your devotion.
You visited 1 branch of the dungeon, and saw 4 of its levels.

You collected 344 gold pieces.
You paid 32 gold pieces to Gozag.

Inventory:

Hand Weapons
 a - a +0 short sword
 j - a +0 dagger of venom (weapon)
 q - a +1 flail of protection
Missiles
 c - 4 large rocks (quivered)
 d - 2 throwing nets
 e - 54 stones
Armour
 b - a +0 robe (worn)
 l - a +1 cloak (worn)
Jewellery
 m - an uncursed ring of wizardry
Scrolls
 n - 2 scrolls of enchant weapon {unknown}
 o - a scroll of identify
 p - a scroll of amnesia {unknown}
 s - a scroll of magic mapping {unknown}
 t - 2 scrolls of immolation {unknown}
 u - a scroll of enchant armour {unknown}
 v - a scroll of teleportation {unknown}
Potions
 f - 2 potions of flight
 g - a potion of magic {unknown}
 h - a potion of cancellation {unknown}
 i - a potion of resistance {unknown}
 k - 2 potions of haste
 r - a potion of invisibility {unknown}


   Skills:
 + Level 4.9 Fighting
 * Level 2.1 Maces & Flails
 + Level 5.7 Throwing
 + Level 3.3 Dodging
 - Level 0.6 Stealth


You had 5 spell levels left.
You didn't know any spells.
Your spell library was empty.

Dungeon Overview and Level Annotations

Branches:
Dungeon (4/15)
 Temple: D:4-7

Altars:
Cheibriados
Elyvilon
Gozag
Nemelex Xobeh
Qazlal
Sif Muna
Xom


Innate Abilities, Weirdness & Mutations

You are too large for most types of armour.
You have tough skin. (AC +1)


Message History

The orc wizard looks as sick as possible!
The orc wizard is almost dead.
The orc wizard hits you but does no damage.
The orc hits you with a +0 club!
* * * LOW HITPOINT WARNING * * *
The orc wizard hits you but does no damage.
You hit the orc wizard.
You kill the orc wizard!
The orc hits you with a +0 club.
* * * LOW HITPOINT WARNING * * *
The orc hits you with a +0 club!
* * * LOW HITPOINT WARNING * * *
Unknown command.
Things that are here:
5 gold pieces; a +0 dagger; a +0 robe The orc hits you with a +0 club.
* * * LOW HITPOINT WARNING * * *
The orc hits you with a +0 club.
You die...
Your body crumbles into a pile of gold.

.#######.........#.##.##...##.##.
## #.........#.##.######...## #
########.....#.##.# ##.... #
#...............#.# #.... #
#.#############.#.# ##### #
#.###########<#...# #
#.............#...#
###################.$>#
................@o.$###
##################### # # # #


You could see an orc.

Vanquished Creatures
  An orc priest (D:3)
  5 orc wizards (D:3)
  An iguana (D:1)
  5 gnolls
  3 adders
  An ooze (D:2)
  A worm (D:2)
  2 dart slugs
  A leopard gecko (D:2)
  17 orcs
  2 ball pythons (D:2)
  3 giant cockroaches
  8 goblins
  6 hobgoblins
  6 kobolds
  A quokka (D:2)
  11 bats
  6 frilled lizards
  6 rats
86 creatures vanquished.

Notes
Turn   | Place    | Note
-------+----------+-------------------------------------------
     0 | D:1      | Baz the Ogre Hunter began the quest for the Orb.
     0 | D:1      | Reached XP level 1. HP: 22/22 MP: 1/1
   224 | D:1      | Reached XP level 2. HP: 26/31 MP: 2/2
   642 | D:1      | Reached XP level 3. HP: 17/37 MP: 3/3
  1348 | D:2      | Reached XP level 4. HP: 22/48 MP: 4/4
  1861 | D:1      | Reached skill level 5 in Throwing
  2377 | D:2      | Reached XP level 5. HP: 25/54 MP: 5/5
  2719 | D:2      | Found a white marble altar of Elyvilon.
  3594 | D:2      | Found an opulent altar of Gozag.
  3878 | D:2      | Became a worshipper of Gozag Ym Sagoz the Greedy
  4293 | D:3      | Reached skill level 1 in Maces & Flails
  4293 | D:3      | Reached XP level 6. HP: 58/63 MP: 6/6
  5821 | D:3      | Found a shimmering altar of Xom.
  5821 | D:3      | Found a sparkling altar of Nemelex Xobeh.
  5823 | D:3      | Found a stormy altar of Qazlal.
  5823 | D:3      | Found a snail-covered altar of Cheibriados.
  5954 | D:3      | Found a shimmering blue altar of Sif Muna.
  6074 | D:3      | HP: 2/65 [orc/+0 club (4)]
  6076 | D:3      | Slain by an orc

Illustrated notes

Levels and vault maps discovered:
D:1:      shiori_arrival_oz, layout_loops_cross
D:2:      layout_loops_corners, overflow_temple_1_default, elyvilon_altar_1,
          minivault_19, minmay_bisected
D:3:      layout_basic, grunt_temple_overflow_cloverleaf, tgw_sif,
          chequers_serial_rivers_room_b, serial_bayou_pond_e, glass_columns_a
D:4:      layout_loops_ring, serial_shops, shop, kennysheep_generic_room_10

Skill      XL: |  1  2  3  4  5  6 |
---------------+-------------------+-----
Fighting       | 3 4 |  4.9
Dodging        | 2 3 |  3.3
Throwing       | 5 |  5.7
Maces & Flails | 1 2 |  2.1
Stealth        | |  0.6

Action                   |  1- 3 |  4- 6 || total
-------------------------+-------+-------++-------
Melee: Short sword       |    70 |   132 ||   202
       Flail             |       |    72 ||    72
       Dagger            |       |    92 ||    92
Throw: Stone             |    40 |    35 ||    75
       Large rock        |     4 |     8 ||    12
  Use: Scroll            |     2 |     1 ||     3
       Potion            |       |     3 ||     3
 Stab: Distracted        |       |     1 ||     1
Armor: Robe              |    21 |   129 ||   150
Dodge: Dodged            |    45 |   166 ||   211

Table legend: (Time is in decaauts)
 A = Elapsed time spent in this place.
 B = Non-inter-level travel time spent in this place.
 C = Inter-level travel time spent in this place.
 D = Time resting spent in this place.
 E = Time spent auto-exploring this place.
 F = Levels seen in this place.
 G = Mean time per level.
                   A        B        C        D        E       F      G
               +--------+--------+--------+--------+--------+-----+--------+
         Total |   6117 |   5959 |    158 |   2409 |   2341 |   4 | 1529.2 |
       Dungeon |   6117 |   5959 |    158 |   2409 |   2341 |   4 | 1529.2 |
               +--------+--------+--------+--------+--------+-----+--------+

Top non-repeatable levels by time:
     D:2: 2726 daAuts
     D:3: 1805 daAuts
     D:1: 1581 daAuts
     D:4: 2 daAuts
